 Dungeon Crawl Stone Soup version 0.28-a0-1087-gf3fc490d9d (webtiles) character file.

Game seed: 3726474626787304667

15880 fragbeetle the Grappler (level 12, -20/104 HPs)
             Began as a Purple Draconian Transmuter on Dec 11, 2021.
             Was a Priest of Makhleb.
             Killed from afar by a will-o-the-wisp (23 damage)
             ... with a foxfire
             ... on level 1 of the Lair of Beasts.
             The game lasted 00:50:09 (16100 turns).

fragbeetle the Grappler (DrTm)                     Turns: 16100, Time: 00:50:10

Health: -20/104    AC:  6    Str: 15    XL:     12   Next: 5%
Magic:  15/22      EV: 28    Int: 15    God:    Makhleb [***...]
Gold:   129        SH:  5    Dex: 24    Spells: 17/25 levels left

rFire   . . .      SeeInvis .     - Unarmed
rCold   . . .      Faith    .   (shield currently unavailable)
rNeg    . . .      Spirit   .   (armour unavailable)
rPois   x          Reflect  +   (helmet currently unavailable)
rElec   .          Harm     .   (cloak currently unavailable)
rCorr   .          Rampage  .   (gloves currently unavailable)
Will    +....                   (boots currently unavailable)
Stlth   ++........              r - amulet of reflection
HPRegen 0.27/turn               n - +6 ring of dexterity
MPRegen 0.18/turn               E - +4 ring of protection

@: lethally poisoned (-20 -> -28), spider-form
A: venomous fangs, (breathe power), AC +8, tiny, unfitting armour,
(cold-blooded)
a: End Transformation, Renounce Religion, Minor Destruction, Lesser Servant of
Makhleb


You were on level 1 of the Lair of Beasts.
You worshipped Makhleb.
Makhleb was most pleased with you.
You were a venomous arachnid creature.
You visited 3 branches of the dungeon, and saw 15 of its levels.
You also visited: Sewer and Ossuary.

You collected 723 gold pieces.
You spent 594 gold pieces at shops.

Inventory:

Missiles
 G - a curare-tipped dart
 I - 2 throwing nets
 L - 6 boomerangs
Armour
 l - a +0 pair of gloves (melded)
 m - a +0 kite shield
Jewellery
 d - a ring of fire
 n - a +6 ring of dexterity (left front leg)
 r - an amulet of reflection (around neck)
 v - a ring of see invisible
 w - an amulet of magic regeneration
 x - a ring of magical power
 E - a +4 ring of protection (right front leg)
Wands
 F - a wand of flame (21)
 J - a wand of mindburst (9)
 M - a wand of polymorph (14)
Scrolls
 e - 7 scrolls of teleportation
 f - 2 scrolls of enchant weapon
 h - 5 scrolls of enchant armour
 i - 2 scrolls of fog {unknown}
 j - 5 scrolls of fear
 k - 4 scrolls of magic mapping
 p - 3 scrolls of summoning
 q - a scroll of brand weapon
 z - 6 scrolls of amnesia
 D - a scroll of immolation
Potions
 a - 4 potions of haste
 b - 5 potions of might
 c - 10 potions of flight
 g - a potion of brilliance
 o - 2 potions of invisibility
 u - 6 potions of curing
 C - a potion of heal wounds
 K - 3 potions of magic


   Skills:
 * Level 9.2 Fighting
 * Level 8.1 Dodging
 + Level 1.3 Shields
 + Level 11.1 Unarmed Combat
 + Level 7.3 Spellcasting
 * Level 8.6 Transmutations
 + Level 1.2 Ice Magic
 + Level 2.9 Poison Magic
 * Level 3.7 Evocations


You had 17 spell levels left.
You knew the following spells:

 Your Spells              Type           Power      Damage    Failure   Level
a - Beastly Appendage     Tmut           62%        N/A       3%          1
b - Spider Form           Tmut/Pois      22%        N/A       12%         3
c - Ice Form              Ice/Tmut       20%        N/A       36%         4

Your spell library contained the following spells:

 Spells                   Type           Power      Damage    Failure   Level
 Wereblood                Tmut           31%        N/A       3%          2
 Ignite Poison            Fire/Tmut/Pois 17%        N/A       21%         3
 Ensorcelled Hibernation  Hex/Ice        14%        N/A       34%         2
 Mephitic Cloud           Conj/Pois/Air  8%         N/A       47%         3
 Dazzling Flash           Conj/Hex       10%        N/A       58%         3
 Stone Arrow              Conj/Erth      10%        3d7       58%         3
 Tukima's Dance           Hex            5%         N/A       58%         3
 Iskenderun's Mystic Bla  Conj/Tloc      5%         2d3       91%         4
 Agony                    Necr           5%         N/A       99%         5
 Freezing Cloud           Conj/Ice/Air   3%         6-21      99%         5
 Silence                  Hex/Air        2%         N/A       99%         5
 Starburst                Conj/Fire      2%         6d3       100%        6
 Lehudib's Crystal Spear  Conj/Erth      2%         10d2      100%        8
 Animate Armour           Summ/Erth      Unusable   N/A       N/A         4

Dungeon Overview and Level Annotations

Branches:
Dungeon (12/15)            Temple (1/1) D:6            Lair (2/6) D:8
  Swamp (0/4) Lair:2        Sewer (visited)         Ossuary (visited)
  Snake: Lair:2-4    Spider: Lair:2-4       Orc: D:9-12

Altars:
Ashenzari
Cheibriados
Dithmenos
Elyvilon
Fedhas
Gozag
Hepliaklqana
Kikubaaqudgha
Makhleb
Nemelex Xobeh
Okawaru
Qazlal
Ru
Sif Muna
Trog
Uskayaw
Vehumet
Wu Jian
Xom
Yredelemnul
Zin
The Shining One

Shops:
D:2 *   D:3 *(=(   D:6 ?


Innate Abilities, Weirdness & Mutations

You are a venomous arachnid creature.
You have poisonous fangs.
You are tiny and dextrous.
Your spellcasting is less reliable in this form.
Your armour is entirely melded.
You are incapable of wielding weapons or throwing items.
((You can breathe bolts of dispelling energy.))
((Your rich purple scales are hard. (AC +8)))
You cannot fit into any form of body armour.
((You are cold-blooded and may be slowed by cold attacks.))


Message History

Your horns disappear.
Your talons disappear.
You turn into a creature of crystalline ice.
Your +0 pair of gloves melds into your body.
The water moccasin misses you. The will-o-the-wisp barely misses you.
You completely miss the will-o-the-wisp.
The will-o-the-wisp is severely damaged.
The water moccasin bites you!
You are poisoned.
The water moccasin poisons you!
The will-o-the-wisp gestures.
The will-o-the-wisp conjures some foxfire! 2 foxfires come into view.
You closely miss the water moccasin.
You feel very sick. The foxfire hits you!! The fire burns you terribly!
The foxfire hits you! The fire burns you terribly!
The water moccasin bites you.
* * * LOW HITPOINT WARNING * * *
You punch the water moccasin!
The water moccasin seems to slow down.
You freeze the water moccasin.
The water moccasin is heavily wounded.
You feel sick.
The will-o-the-wisp gestures.
The will-o-the-wisp conjures some foxfire!
The water moccasin bites you.
* * * LOW HITPOINT WARNING * * *
2 foxfires come into view.
Okay, then.
Okay, then.
Casting: Ice Form (dangerous; 17% risk of failure)
Confirm with . or Enter, or press ? or * to list all spells.
You warm up again.
Your +0 pair of gloves unmelds from your body.
You turn into a venomous arachnid creature.
Your +0 pair of gloves melds into your body.
You feel very sick.
The water moccasin is no longer moving slowly.
The foxfire hits you!!
* * * LOW HITPOINT WARNING * * *
The foxfire hits you!!
You die...

##............#...#...........###
#.......⌠...+.#.⌠.#.+...⌠.....##.
#...........#.....#.#.......+....
.......#.#.............#..#..#..#
##..##.....#.#......##.....##...#
##....##..#..##....#.#.##..######
#........÷...##....#.......#
##########>.##...§.###+#.###
#P.##.⌠.sv§.##..###
##..###..Sv§###P...#### ##..##
##.⌠..# ####....# ##..#.# #.####
###.## ####..##### ### ##.#
#.........# ########..##
#.........# #####P.........#
#.........###....'.........#
#.........#...#.#..........#


You could see a will-o-the-wisp and a water moccasin.

Vanquished Creatures
  5 hydras
  Nergalle (D:11)
  An ugly thing (D:11)
  A manticore (D:11)
  2 wolf spiders (Lair:1)
  A black mamba (Lair:1)
  A gargoyle (D:10)
  4 cane toads (Lair:1)
  2 komodo dragons
  A rime drake (Lair:1)
  A troll (D:11)
  A meliai zombie (D:11)
  Sigmund (D:4)
  19 yaks
  A vampire (D:11)
  2 wraiths
  A wyvern (D:8)
  Edmund (D:4)
  2 acid dragons (D:11)
  3 water moccasins
  2 ice beasts
  An ogre (D:10)
  A hornet zombie (D:7)
  2 necrophages
  6 wolves (Lair:1)
  A phantom (D:5)
  2 kobold brigands (D:8)
  An elf zombie (Ossuary)
  A scorpion (D:5)
  A wyvern zombie (D:8)
  3 bullfrogs
  A wyvern skeleton (D:7)
  A water moccasin zombie (D:6)
  A water moccasin skeleton (D:5)
  8 wights
  An electric eel (D:7)
  7 howler monkeys
  A human zombie (D:6)
  5 centaur zombies
  A jelly (D:5)
  An orc priest (D:9)
  4 hounds
  A bullfrog skeleton (D:7)
  7 iguanas
  A gnoll shaman (D:9)
  4 orc wizards
  A scorpion zombie (D:5)
  4 killer bee zombies
  An ogre zombie (Ossuary)
  2 hound skeletons (D:5)
  3 howler monkey zombies
  12 mummies
  4 gnolls (D:9)
  2 adders
  A white imp (D:7)
  4 adder zombies (Ossuary)
  6 worms
  5 dart slugs
  17 orcs
  6 ball pythons
  9 bats
  11 endoplasms
  9 giant cockroaches
  2 gnoll zombies (Ossuary)
  9 goblins
  9 hobgoblins
  8 jackals
  4 quokkas
  6 frilled lizards
  3 goblin zombies (Ossuary)
  4 hobgoblin zombies (Ossuary)
  19 kobolds
  6 kobold zombies (Ossuary)
  4 quokka zombies (Ossuary)
  5 rats
  A rat zombie (Ossuary)
293 creatures vanquished.

Vanquished Creatures (others)
  7 foxfires
  2 fungi (Lair:1)
  7 plants
16 creatures vanquished.

Grand Total: 309 creatures vanquished

Notes
Turn   | Place    | Note
-------+----------+-------------------------------------------
     0 | D:1      | fragbeetle the Draconian Transmuter began the quest for the
                  | Orb.
     0 | D:1      | Reached XP level 1. HP: 16/16 MP: 3/3
   602 | D:1      | Reached XP level 2. HP: 23/23 MP: 3/5
  1170 | D:2      | Found Jiod's General Store.
  1188 | D:2      | Reached XP level 3. HP: 25/28 MP: 4/6
  2036 | D:3      | Found Kaiqeloj's Weapon Shoppe.
  2066 | D:3      | Found Karere's Jewellery Shop.
  2077 | D:3      | Found Kuuriy's Weapon Emporium.
  2182 | D:3      | Found Dirghusef's General Store.
  2230 | D:3      | Bought a scroll of enchant armour for 105 gold pieces
  2433 | D:3      | Reached XP level 4. HP: 36/36 MP: 5/7
  2601 | D:4      | Noticed Sigmund
  2608 | D:4      | Noticed Edmund
  2723 | D:5      | Entered Level 5 of the Dungeon
  2787 | D:5      | Learned a level 3 spell: Spider Form
  2814 | D:5      | Reached XP level 5. HP: 26/41 MP: 7/9
  2882 | D:5      | Found a glowing drain.
  2893 | Sewer    | Entered a sewer
  3277 | Sewer    | Reached skill level 4 in Unarmed Combat
  3752 | D:5      | Reached XP level 6. HP: 43/50 MP: 8/10
  4345 | D:5      | Reached skill level 5 in Unarmed Combat
  4345 | D:5      | Your scales start taking on a rich purple colour.
  4345 | D:5      | Reached XP level 7. HP: 42/57 MP: 10/12
  5221 | D:6      | Found an ancient bone altar of Kikubaaqudgha.
  5227 | D:6      | Reached XP level 8. HP: 66/66 MP: 12/14
  5235 | D:6      | Reached skill level 6 in Unarmed Combat
  5546 | D:6      | Identified the +1 robe "Maptomeh" {Int+3}
  5794 | D:6      | Found a staircase to the Ecumenical Temple.
  5803 | Temple   | Entered the Ecumenical Temple
  5821 | Temple   | Became a worshipper of Makhleb the Destroyer
  6101 | D:6      | Found Fikamoph's Magic Scroll Boutique.
  6113 | D:6      | Bought a scroll of identify for 26 gold pieces
  6113 | D:6      | Bought a scroll of noise for 13 gold pieces
  6113 | D:6      | Bought a scroll of magic mapping for 45 gold pieces
  6113 | D:6      | Bought a scroll of amnesia for 45 gold pieces
  6503 | D:7      | Noticed a komodo dragon
  6529 | D:7      | Reached skill level 1 in Poison Magic
  6542 | D:7      | Killed a komodo dragon
  6543 | D:7      | Reached skill level 5 in Fighting
  6543 | D:7      | Reached skill level 7 in Unarmed Combat
  6543 | D:7      | Reached skill level 5 in Spellcasting
  6543 | D:7      | Reached skill level 5 in Transmutations
  6555 | D:7      | Found a glowing silver altar of Zin.
  6777 | D:7      | Found a sand-covered staircase.
  6782 | Ossuary  | Entered an ossuary
  7058 | Ossuary  | Reached * piety under Makhleb
  7130 | Ossuary  | Reached XP level 9. HP: 64/74 MP: 16/16
  7777 | D:7      | Learned a level 4 spell: Ice Form
  7834 | D:7      | Reached skill level 5 in Dodging
  8112 | D:7      | Found a shadowy altar of Dithmenos.
  8256 | D:8      | Found a staircase to the Lair.
  8276 | D:8      | Reached skill level 8 in Unarmed Combat
  8293 | Lair:1   | Entered Level 1 of the Lair of Beasts
  8535 | D:8      | Reached ** piety under Makhleb
  9377 | D:9      | Reached XP level 10. HP: 65/84 MP: 19/19
  9407 | D:9      | Reached skill level 9 in Unarmed Combat
  9800 | D:9      | Reached *** piety under Makhleb
 10147 | Lair:1   | Noticed a cane toad
 10224 | D:10     | Entered Level 10 of the Dungeon
 10236 | D:10     | Found a snail-covered altar of Cheibriados.
 10327 | D:10     | Found a stormy altar of Qazlal.
 10365 | D:10     | Noticed a gargoyle
 10389 | D:11     | Noticed a manticore
 10399 | D:11     | Killed a manticore
 10551 | D:11     | Noticed a green ugly thing
 11231 | D:4      | Killed Edmund
 11516 | D:4      | Killed Sigmund
 11885 | Lair:1   | Noticed an eight-headed hydra
 12311 | D:10     | Killed a gargoyle
 12468 | D:10     | Found a blossoming altar of Fedhas.
 12697 | D:3      | Bought an amulet of reflection for 360 gold pieces
 13110 | D:11     | Reached skill level 10 in Unarmed Combat
 13124 | D:11     | Reached XP level 11. HP: 79/94 MP: 19/21
 13208 | D:11     | Noticed Nergalle
 13222 | D:11     | Killed Nergalle
 13340 | D:11     | Killed a green ugly thing
 13341 | D:11     | Reached skill level 1 in Evocations
 13755 | D:11     | Noticed a four-headed hydra
 13766 | D:11     | Killed a four-headed hydra
 14482 | Lair:1   | Noticed a wolf spider
 14482 | Lair:1   | Noticed a wolf spider
 14498 | Lair:1   | Killed a wolf spider
 14502 | Lair:1   | Killed a wolf spider
 14579 | Lair:1   | Killed an eight-headed hydra
 14580 | Lair:1   | Reached skill level 1 in Shields
 14690 | Lair:1   | Reached skill level 1 in Ice Magic
 14822 | Lair:1   | Noticed an eight-headed hydra
 14832 | Lair:1   | Killed an eight-headed hydra
 14983 | Lair:1   | Noticed a seven-headed hydra
 14990 | Lair:1   | Killed a seven-headed hydra
 14991 | Lair:1   | Reached skill level 11 in Unarmed Combat
 15470 | Lair:1   | Noticed a five-headed hydra
 15476 | Lair:1   | Killed a five-headed hydra
 15636 | Lair:1   | Reached XP level 12. HP: 104/104 MP: 18/22
 16086 | Lair:2   | Found a staircase to the Swamp.
 16100 | Lair:1   | HP: 3/104 [will-o-the-wisp/foxfire (19)]
 16100 | Lair:1   | Killed from afar by a will-o-the-wisp

Illustrated notes

Levels and vault maps discovered:
D:1:      grunt_arrival_crossed_arrows, layout_basic, grunt_decor_one_mirror
D:2:      layout_basic, serial_shops, shop, st_stairs_5
D:3:      layout_loops_ring, serial_shops, nicolae_shop_bloodbath_and_beyond,
          nicolae_shop_waterfront, shop_statue, shop_statue,
          chequers_serial_rivers_room_b
D:4:      layout_cave_pools, glass_columns_c, kennysheep_generic_room_8,
          uniq_sigmund, uniq_edmund
D:5:      layout_basic, cheibrodos_sewer_entry_sluice
D:6:      layout_loops_ring, lemuel_mausoleum_altar_kikubaaqudgha,
          lemuel_temple_firewalk_b, serial_shops, shop, corner_web_ring,
          columned_hall_lemuel
D:7:      layout_rooms, lemuel_doored_altar, mainiacjoe_overflow_alcove_4,
          enter_ossuary_5, nrook_pool_corridor, minmay_crystal_water,
          kennysheep_minor_cross, minmay_lizard_king
D:8:      layout_cave_pools, lair_entry_dummy
D:9:      layout_rooms
D:10:     layout_long_grid, grunt_qazlal_sundering,
          amethyst_overflow_temple_binary, grunt_ogre_cave
D:11:     layout_loops_corners, grunt_ministairs_5,
          minmay_fractal_squares_gapless_5, uniq_nergalle
D:12:     layout_irregular_city, zombieorc1_lemuel, serial_shops, shop,
          uniq_psyche, uniq_maurice
Temple:   regret_index_temple_sphere_string
Lair:1:   layout_roguey, st_stairs_6, nicolae_lair_run_with_the_wolves,
          grunt_megastairs_1, infiniplex_staircase_pool_2
Lair:2:   layout_long_grid, minmay_swamp_entry_wisps, ldierk_geyser

Skill      XL: |  1  2  3  4  5  6  7  8  9 10 11 |
---------------+----------------------------------+-----
Dodging        | 2 3 4 5 6 8 |  8.1
Fighting       | 2 3 5 6 8 9 |  9.2
Transmutations | 3 4 5 6 7 8 |  8.6
Unarmed Combat | 4 5 7 8 10 11 | 11.1
Spellcasting   | 3 4 5 6 7 |  7.3
Poison Magic   | 1 2 |  2.9
Evocations     | 3 |  3.7
Shields        | 1 |  1.3
Ice Magic      | 1 |  1.2

Action                   |  1- 3 |  4- 6 |  7- 9 | 10-12 || total
-------------------------+-------+-------+-------+-------++-------
Melee: Unarmed           |   124 |   147 |   425 |   352 ||  1048
       Kick              |    13 |    36 |    93 |    15 ||   157
       Tailslap          |    10 |    14 |    45 |    13 ||    82
       Headbutt          |    15 |    22 |    61 |    13 ||   111
       Punch             |     1 |     2 |     8 |     4 ||    15
 Cast: Beastly Appendage |    35 |    22 |    54 |    11 ||   122
       Spider Form       |       |     2 |    20 |    18 ||    40
       Ice Form          |       |       |       |    13 ||    13
  Use: Potion            |       |     1 |     4 |       ||     5
       Scroll            |       |       |    12 |     3 ||    15
 Stab: Sleeping          |     2 |       |     8 |       ||    10
Armor: Skin              |    36 |    33 |    66 |    80 ||   215
Dodge: Dodged            |    60 |   116 |   274 |   249 ||   699
Block: Other             |       |       |       |    29 ||    29
       Reflection        |       |       |       |     1 ||     1

Table legend: (Time is in decaauts)
 A = Elapsed time spent in this place.
 B = Non-inter-level travel time spent in this place.
 C = Inter-level travel time spent in this place.
 D = Time resting spent in this place.
 E = Time spent auto-exploring this place.
 F = Levels seen in this place.
 G = Mean time per level.
                   A        B        C        D        E       F      G
               +--------+--------+--------+--------+--------+-----+--------+
         Total |  16127 |  15056 |   1071 |   3149 |   7321 |  17 |  948.6 |
       Dungeon |  12447 |  11376 |   1071 |   2116 |   6165 |  12 | 1037.2 |
        Temple |    202 |    202 |      0 |      0 |    134 |   1 |  202.0 |
          Lair |   1970 |   1970 |      0 |    848 |    741 |   2 |  985.0 |
         Sewer |    858 |    858 |      0 |    185 |    281 |   1 |  858.0 |
       Ossuary |    648 |    648 |      0 |      0 |      0 |   1 |  648.0 |
               +--------+--------+--------+--------+--------+-----+--------+

Top non-repeatable levels by time:
  Lair:1: 1961 daAuts
     D:6: 1899 daAuts
    D:11: 1750 daAuts
     D:5: 1290 daAuts
     D:9: 1240 daAuts
     D:7: 1112 daAuts
     D:2: 1041 daAuts
     D:8: 974 daAuts
     D:1: 892 daAuts
   Sewer: 858 daAuts
    D:10: 840 daAuts
     D:3: 705 daAuts
     D:4: 677 daAuts
 Ossuary: 648 daAuts
  Temple: 202 daAuts
